Map: Lightshade LE

Players

DPGZest (Zest)

  • Race: Protoss Protoss
  • Spawn Location: 5:00

DPGCure (Cure) - Winner!

  • Race: Terran Terran
  • League: Master
  • Spawn Location: 11:00

Event: StayAtHome Story Cup #3

VOD

Have the link to the VOD?

Description

Time

  • Played on: March 14, 2021, 10:12 a.m.
  • Length: 11:49

All games in this series

Show
View Real Time Build Order
Export as new Build Order

DPGZest Protoss 

Build Orders: Dark Templar Rush 

Get SALT Encoding   

  12  0:00  Probe  
  13  0:12  Probe  
  14  0:17  Pylon  
  14  0:24  Probe (Chrono Boost)  
  15  0:36  Probe (Chrono Boost)  
  15  0:37  Gateway  
  16  0:44  Probe (Chrono Boost)  
  16  0:45  Assimilator  
  17  0:51  Probe  
  18  1:03  Probe  
  19  1:15  Probe  
  20  1:24  Cybernetics Core  
  20  1:31  Zealot  
  22  1:33  Pylon  
  22  1:34  Probe  
  22  1:35  Assimilator  
  23  1:51  Probe  
  24  1:58  Adept (Chrono Boost)  
  26  2:01  Warp Gate  
  26  2:03  Probe  
  27  2:10  Pylon  
  27  2:15  Probe  
  28  2:26  Twilight Council  
  28  2:37  Nexus  
  28  2:44  Stalker  
  28  2:48  Probe  
  31  3:02  Dark Shrine  
  31  3:07  Gateway  
  31  3:12  Stalker (Chrono Boost)  
  31  3:17  Probe  
  34  3:26  Pylon  
  34  3:33  Probe  
  35  3:44  Pylon  
  35  3:49  Stalker  
  35  3:50  Probe  
  36  3:56  Probe  
  35  4:13  Probe (Chrono Boost)  
  35  4:15  Probe (Chrono Boost)  
  35  4:16  Dark Templar x2  
  40  4:23  Probe (Chrono Boost)  
  42  4:25  Probe (Chrono Boost)  
  42  4:29  Probe (Chrono Boost), Blink (Chrono Boost)  
  42  4:30  Probe (Chrono Boost)  
  44  4:39  Probe  
  44  4:40  Probe  
  46  4:53  Probe (Chrono Boost)  
  46  4:54  Probe (Chrono Boost)  
  48  5:02  Pylon  
  48  5:05  Probe (Chrono Boost)  
  48  5:06  Probe (Chrono Boost)  
  50  5:13  Probe (Chrono Boost), Stalker x2  
  53  5:14  Probe (Chrono Boost)  
  53  5:20  Probe  
  55  5:21  Probe  
  55  5:26  Gateway  
  55  5:27  Gateway  
  56  5:32  Probe  
  56  5:33  Probe  
  58  5:36  Assimilator  
  57  5:46  Probe  
  57  5:48  Stalker x2  
  62  5:55  Pylon  
  62  5:57  Nexus  
  62  6:04  Pylon  
  60  6:13  Dark Templar  
  62  6:21  Stalker x3  
  68  6:28  Gateway  
  68  6:30  Gateway  
  64  6:47  Stalker x3  
  64  6:50  Cybernetics Core  
  64  6:54  Pylon  
  64  7:05  Pylon  
  64  7:06  Stalker x2  
  62  7:30  Probe  
  62  7:32  Probe  
  62  7:41  Stalker  
  62  7:42  Stalker x3  
  62  7:44  Probe x2 (Chrono Boost)  
  70  7:45  Probe (Chrono Boost)  
  71  7:52  Pylon  
  71  7:55  Probe x3 (Chrono Boost)  
  73  7:59  Probe (Chrono Boost)  
  73  8:00  Probe (Chrono Boost)  
  73  8:02  Probe (Chrono Boost)  
  72  8:06  Sentry x3  
  72  8:08  Robotics Facility, Forge  
  72  8:11  Probe (Chrono Boost)  
  80  8:14  Probe x2 (Chrono Boost)  
  81  8:22  Probe (Chrono Boost)  
  81  8:23  Probe (Chrono Boost), Charge  
  81  8:25  Probe (Chrono Boost)  
  84  8:27  Probe (Chrono Boost)  
  84  8:28  Probe, Gateway x2  
  84  8:34  Assimilator  
  86  8:35  Probe, Pylon  
  86  8:37  Protoss Ground Weapons Level 1 (Chrono Boost)  
  86  8:38  Probe  
  86  8:39  Assimilator  
  88  8:42  Phoenix  
  88  8:51  Pylon  
  88  8:59  Templar Archives  
  88  9:02  Zealot x6  
  100  9:05  Assimilator  
  100  9:07  Pylon  
  100  9:13  Immortal (Chrono Boost)  
  100  9:16  Pylon  
  104  9:30  Zealot x2  
  108  9:34  Zealot x6  
  120  9:38  Shield Battery  
  120  9:45  Pylon, Immortal  
  124  9:52  Stalker x2  
  126  9:56  Stalker  
  126  9:57  Stalker  
  120  10:05  High Templar x4  
  124  10:09  Archon x2  
  105  10:32  Zealot x3  
  105  10:33  Zealot  
  113  10:41  Zealot  
  93  10:48  Zealot  
  49  10:58  High Templar x2, Zealot  
  49  11:02  Archon  
  39  11:15  Zealot x3  
  39  11:31  Sentry x2  
  43  11:33  Probe (Chrono Boost)  
  43  11:34  Probe (Chrono Boost)  
  41  11:40  Zealot x3  
  41  11:44  Zealot x3  
Show
View Real Time Build Order
Export as new Build Order

DPGCure Terran - Winner!

Build Orders:  

Get SALT Encoding   

  12  0:00  SCV  
  13  0:12  SCV  
  14  0:17  Supply Depot  
  14  0:24  SCV  
  14  0:27  Refinery  
  15  0:38  SCV  
  16  0:44  Barracks  
  16  0:50  SCV  
  17  1:03  SCV  
  18  1:05  Engineering Bay  
  18  1:15  SCV  
  19  1:31  Orbital Command  
  19  1:32  Marine  
  20  1:43  Factory  
  20  1:52  Supply Depot  
  20  1:53  Barracks Reactor  
  20  1:57  SCV  
  21  2:09  SCV  
  22  2:21  SCV  
  23  2:32  Starport  
  23  2:33  Hellion x2, Supply Depot  
  23  2:34  SCV  
  23  2:36  Barracks Tech Lab  
  28  2:44  Refinery  
  28  2:46  SCV  
  29  2:54  Hellion  
  29  2:55  Hellion, Supply Depot  
  29  2:57  Marine  
  34  3:00  SCV  
  35  3:09  Medivac  
  37  3:22  Marine x2  
  39  3:30  Command Center  
  39  3:37  Siege Tank  
  42  3:45  Marine, Supply Depot  
  43  3:51  SCV  
  44  4:00  Marine  
  41  4:03  SCV, Marine  
  41  4:12  Siege Tank  
  44  4:17  SCV, Marine  
  44  4:21  Marine  
  47  4:29  SCV  
  48  4:36  Starport Tech Lab  
  48  4:39  Marine x2  
  48  4:42  SCV  
  48  4:43  Orbital Command  
  51  4:46  Siege Tank  
  54  4:54  SCV  
  54  4:59  Raven  
  54  5:03  Marine x2  
  54  5:06  SCV  
  59  5:09  Orbital Command  
  59  5:11  Supply Depot  
  59  5:18  SCV  
  60  5:21  Marine x2  
  62  5:30  Supply Depot  
  62  5:33  Barracks, Siege Tank  
  65  5:36  SCV x2  
  65  5:41  Marine  
  65  5:42  Marine  
  67  5:51  Engineering Bay  
  67  5:54  SCV x2  
  67  5:59  Marine x2  
  69  6:08  Siege Tank  
  69  6:09  Supply Depot  
  72  6:17  Marine x2  
  74  6:21  Liberator  
  74  6:23  SCV  
  74  6:24  SCV  
  78  6:29  Supply Depot  
  78  6:35  SCV  
  78  6:36  SCV  
  78  6:37  Marine x3  
  76  6:47  SCV  
  76  6:48  SCV  
  76  6:53  Missile Turret  
  74  6:56  Terran Infantry Weapons Level 1  
  74  6:57  Stimpack  
  74  6:59  SCV  
  75  7:01  SCV  
  75  7:04  Marine  
  75  7:05  Marine  
  78  7:08  Marine  
  78  7:12  SCV  
  78  7:13  SCV  
  81  7:23  Marine x2  
  81  7:24  SCV, Siege Tank  
  81  7:25  Barracks, Starport Reactor  
  81  7:26  Marine  
  81  7:28  Refinery  
  81  7:29  SCV  
  86  7:36  SCV  
  77  7:39  Refinery  
  77  7:41  Marine x2  
  74  7:44  Marine  
  74  7:45  SCV  
  74  7:48  SCV  
  74  7:49  Barracks x2  
  77  7:59  Marine x2, Siege Tank  
  77  8:02  Marine  
  77  8:03  SCV x2  
  82  8:08  Missile Turret  
  82  8:09  Medivac  
  84  8:16  Barracks Tech Lab, Supply Depot  
  84  8:17  Marine x2  
  86  8:20  Marauder  
  86  8:21  Supply Depot  
  86  8:24  Supply Depot  
  88  8:30  Medivac  
  88  8:31  Supply Depot  
  90  8:35  Marine x3  
  90  8:37  Marine, Combat Shield  
  90  8:39  Marine  
  90  8:41  Marine  
  95  8:42  Medivac  
  97  8:49  Siege Tank  
  97  8:52  Marine  
  97  8:53  Marine  
  100  8:58  Marine x2  
  100  8:59  Marine x2  
  104  9:05  Terran Infantry Armor Level 1  
  104  9:08  Medivac  
  106  9:10  Marine  
  106  9:11  Marine  
  106  9:13  Supply Depot  
  106  9:14  Supply Depot  
  106  9:16  Marine x3, Medivac  
  113  9:18  Marine  
  112  9:32  Marine x2  
  112  9:33  Marine  
  112  9:34  Marine  
  119  9:38  Siege Tank  
  119  9:39  Marine x2, Medivac  
  123  9:50  Marine  
  123  9:51  Marine x3  
  126  9:57  Marine  
  125  10:04  Marine  
  116  10:07  Marine  
  116  10:09  Marine x2  
  115  10:17  Marine x2  
  116  10:28  Marine x2  
  110  10:31  Marine  
  109  10:41  Marine x3  
  94  10:46  Marine x2  
  94  10:49  Marine  
  56  10:59  Marine  
  56  11:00  Medivac  
  58  11:04  Marine x3  
  58  11:10  Marine x2  
  63  11:15  Medivac  
  64  11:21  Marine  
  64  11:22  Marine x2  
Tags
 
Add a new tag
Caveats
  • Supply blocks, unpowered buildings, or Contaminate may cause inaccurate times.
  • Supply counts are checked every 10 seconds.